 Dungeon Crawl Stone Soup version 0.31-a0-277-g31ea1f6 (webtiles) character file.

Game seed: 3693017779220975767

44 Dawnplanks the Gusty (level 3, -1/19 HPs)
             Began as a Tengu Air Elementalist on July 15, 2023.
             Slain by a gnoll
             ... wielding a +0 flail
              (4 damage)
             ... on level 2 of the Dungeon.
             The game lasted 00:01:45 (1430 turns).

Dawnplanks the Gusty (Tengu Air Elementalist)       Turns: 1430, Time: 00:01:45

Health: -1/19      AC:  2    Str:  8    XL:     3   Next: 62%
Magic:  5/8        EV: 12    Int: 17    God:
Gold:   146        SH:  0    Dex: 14    Spells: 4/7 levels left

rFire   . . .        h - +1 dagger (flame)
rCold   . . .        (no shield)
rNeg    . . .        a - +0 robe
rPois   .            (helmet restricted)
rElec   .            (no cloak)
rCorr   .            (no gloves)
SInv    .            (boots unavailable)
Will    .....        (no amulet)
Stlth   ++           (no ring)
HPRegen 0.23/turn    (no ring)
MPRegen 0.11/turn

%: no passive effects
@: no status effects
A: beak, talons 3
a: no special abilities


You were on level 2 of the Dungeon.
You visited 1 branch of the dungeon, and saw 2 of its levels.

You collected 146 gold pieces.

Inventory:

Hand Weapons
 h - a +1 dagger of flaming (weapon)
Armour
 a - a +0 robe (worn)
Jewellery
 f - a ring of positive energy
Scrolls
 e - a scroll of fog {unknown}
 g - a scroll of immolation {unknown}
 k - a scroll of identify {unknown}
Potions
 b - a potion of magic
 c - 2 potions of haste {unknown}
 d - 2 potions of heal wounds {unknown}
 i - a potion of lignification {unknown}
 j - 2 potions of ambrosia {unknown}


   Skills:
 + Level 2.4 Dodging
 - Level 2.0 Stealth
 + Level 2.6 Spellcasting
 + Level 2.1 Conjurations
 + Level 4.8 Air Magic


You had 4 spell levels left.
You knew the following spells:

 Your Spells              Type           Power      Damage    Failure   Level
a - Shock                 Conj/Air       56%        1d6       4%          1
b - Static Discharge      Conj/Air       28%        2-4/arc   6%          2

Your spell library contained the following spells:

 Spells                   Type           Power      Damage    Failure   Level
 Swiftness                Air            18%        N/A       8%          3
 Airstrike                Air            9%         2d(2-18)  24%         4
 Wereblood                Tmut           2%         N/A       26%         2
 Irradiate                Conj/Tmut      2%         3d12      97%         5


Dungeon Overview and Level Annotations

Branches:
Dungeon (2/15)

Altars:


Innate Abilities, Weirdness & Mutations

You have a beak for a mouth.
You have claws for feet.


Message History

The worm is almost dead.
The zap hits the worm.
The worm is almost dead.
The zap hits the worm.
The worm is almost dead.
You are out of magic!
You are out of magic!
A hobgoblin comes into view.
You hit the worm. You burn the worm.
You kill the worm!
A hobgoblin is nearby!
You start resting.
Magic restored.
The zap hits the hobgoblin.
You kill the hobgoblin!
You can't see any susceptible monsters within range! (Use Z to cast anyway.)
You now have 146 gold pieces (gained 10).
You see here a +0 ring mail.
Found a flail.
A gnoll comes into view. It is wielding a +0 flail.
The zap hits the gnoll but does no damage.
The zap hits the gnoll.
The gnoll is lightly wounded.
You hear a shout!
The gnoll hits you with a +0 flail. That beam is likely to hit you.
Continue anyway?
Okay, then.
The gnoll attacks as you move away! The gnoll hits you with a +0 flail!
Ouch! That really hurt!
* * * LOW HITPOINT WARNING * * *
You are too injured to fight recklessly!
Aiming: Shock (safe; 4% risk of failure)
Press: ? - help, Q - select action, (/) - cycle Shift-Dir - straight line, f/p - gnoll
Aim: a gnoll, wielding a +0 flail (lightly wounded, 75% to hit)
The zap hits the gnoll.
The gnoll is lightly wounded.
The zap hits the gnoll.
The gnoll is heavily wounded.
The gnoll hits you with a +0 flail.
You die...

#.......#######
#)......# #..
#.......# #.#
#.......# #.#
##......(#####.#
#.....(..##....#
##........##.####
#####..#......##.####
#..g@..#......##.....
#.#....#......#######
#.######......# ..
......# ... #.....#
####


You could see a gnoll.

Vanquished Creatures
  2 worms (D:2)
  2 dart slugs
  4 ball pythons
  3 endoplasms
  2 goblins
  6 hobgoblins
  4 quokkas (D:1)
  A bat (D:1)
  A frilled lizard (D:2)
  3 kobolds (D:1)
  5 rats
33 creatures vanquished.

Notes
Turn   | Place    | Note
-------+----------+-------------------------------------------
     0 | D:1      | Dawnplanks the Tengu Air Elementalist began the quest for
                  | the Orb.
     0 | D:1      | Reached XP level 1. HP: 10/10 MP: 4/4
   192 | D:1      | Reached XP level 2. HP: 15/15 MP: 3/6
   572 | D:1      | Learned a level 2 spell: Static Discharge
   584 | D:1      | Reached XP level 3. HP: 19/19 MP: 3/7
  1430 | D:2      | Slain by a gnoll

Illustrated notes

Levels and vault maps discovered:
D:1:      dpeg_arrival_fog, layout_rooms, minmay_misc_feat_square, hex_large
D:2:      layout_basic

Skill      XL: |  1  2  3 |
---------------+----------+-----
Conjurations   | 2 |  2.1
Dodging        | |  2.4
Stealth        | |  2.0
Spellcasting   | |  2.6
Air Magic      | |  4.8

Action                     || total
---------------------------++-------
  Melee: Hand axe          ||     1
         Unarmed           ||     1
         Peck              ||     1
         Dagger            ||     4
   Cast: Shock             ||    74
 Armour: Robe              ||     1

Table legend: (Time is in decaauts)
 A = Elapsed time spent in this place.
 B = Non-inter-level travel time spent in this place.
 C = Inter-level travel time spent in this place.
 D = Time resting spent in this place.
 E = Time spent auto-exploring this place.
 F = Levels seen in this place.
 G = Mean time per level.
                   A        B        C        D        E       F      G
               +--------+--------+--------+--------+--------+-----+--------+
         Total |   1429 |   1398 |     31 |     64 |   1180 |   2 |  714.5 |
       Dungeon |   1429 |   1398 |     31 |     64 |   1180 |   2 |  714.5 |
               +--------+--------+--------+--------+--------+-----+--------+

Top non-repeatable levels by time:
     D:1: 800 daAuts
     D:2: 628 daAuts
